 Dungeon Crawl Stone Soup version 0.31-a0-165-g3f4f80340b (webtiles) character file.

Game seed: 4866688608386298655

307 qw the Shooter (level 6, 0/38 HPs)
             Began as a Gargoyle Hunter on June 13, 2023.
             Slain by a black bear (1 damage)
             ... on level 4 of the Dungeon.
             The game lasted 00:01:12 (2648 turns).

qw the Shooter (Gargoyle Hunter)                    Turns: 2648, Time: 00:01:13

Health: 0/38       AC: 14    Str: 14    XL:     6   Next: 40%
Magic:  6/6        EV: 11    Int: 10    God:
Gold:   49         SH:  0    Dex: 15    Spells: 5/5 levels left

rFire   . . .        Y - +1 shortbow
rCold   . . .        (shield currently unavailable)
rNeg    + . .        f - +0 ring mail
rPois   inf          a - +2 helmet
rElec   +            (no cloak)
rCorr   .            h - +0 pair of gloves
SInv    .            (no boots)
Will    .....        (no amulet)
Stlth   +            (no ring)
HPRegen 0.26/turn    (no ring)
MPRegen 0.10/turn

%: no passive effects
@: no status effects
A: sickness immunity, AC +4, negative energy resistance 1, electricity
resistance, torment resistance 1, petrification resistance
a: no special abilities


You were on level 4 of the Dungeon.
You visited 1 branch of the dungeon, and saw 4 of its levels.

You collected 157 gold pieces.
You spent 108 gold pieces at shops.


Innate Abilities, Weirdness & Mutations

You are immune to sickness and miasma.
Your stone body is resilient. (AC +4)
You are immune to poison.
You resist negative energy. (rN+)
You are resistant to electric shocks. (rElec)
You are resistant to unholy torment.
You are immune to petrification.


   Skills:
 - Level 4.0 Fighting
 + Level 6.3 Ranged Weapons
 - Level 2.2 Armour
 - Level 1.5 Dodging
 - Level 1.1 Stealth


You had 5 spell levels left.
You didn't know any spells.
Your spell library was empty.

Inventory:

Hand Weapons
 Y - a +1 shortbow (weapon)
Armour
 a - a +2 helmet (worn)
 f - a +0 ring mail (worn)
 h - a +0 pair of gloves (worn)
Jewellery
 l - a ring of ice
Scrolls
 b - 2 scrolls of identify
Potions
 c - a potion of lignification {unknown}
 d - a potion of heal wounds {unknown}
 e - a potion of brilliance {unknown}
 g - a potion of resistance {unknown}
 i - a potion of ambrosia {unknown}
 j - a potion of might
 k - 3 potions of attraction

Dungeon Overview and Level Annotations

Branches:
Dungeon (4/15)
 Temple: D:4-7

Altars:
Trog
Wu Jian

Shops:
D:4 :(!

Annotations:
D:2 1 runed translucent door, Crazy Yiuf


Message History

The black bear barely misses you. The black bear closely misses you.
You shoot an arrow. The arrow closely misses the scorpion.
The scorpion closely misses you.
The black bear bites you but does no damage.
The black bear claws you but does no damage.
The black bear closely misses you.
You shoot an arrow. The arrow hits the scorpion.
The scorpion is severely wounded.
The scorpion stings you. The black bear closely misses you.
The black bear claws you but does no damage.
The black bear barely misses you.
The scorpion stings you but does no damage.
You shoot an arrow. The arrow hits the scorpion.
The scorpion is almost dead.
The black bear closely misses you. x2
The black bear claws you but does no damage.
The scorpion barely misses you.
You shoot an arrow.
The arrow hits the scorpion but does no damage.
The scorpion is almost dead.
The scorpion stings you. The black bear bites you.
The black bear claws you but does no damage.
The black bear closely misses you. The scorpion closely misses you.
You shoot an arrow. The arrow hits the scorpion.
The scorpion is almost dead.
The black bear bites you!
The black bear claws you but does no damage.
The black bear closely misses you.
The scorpion stings you but does no damage.
The black bear bites you but does no damage.
The black bear closely misses you. x2
You shoot an arrow. The arrow hits the scorpion.
You kill the scorpion!
The black bear bites you.
The black bear claws you but does no damage. x2
You shoot an arrow.
The arrow closely misses the black bear.
The black bear bites you but does no damage.
The black bear claws you.
You die...

##### #...# #### #<#.#
#... ####.# #.##.## #
#....# #.##.# ..##
#.##.# #.##.#
.....###.#########.##.#
#.....h#.........#.##.#
#%@.....###.#.##.#
#.....####.# #.#.##.#
#.....# #.# #......#
#.....# #.# ###.####
#.....# #.#####.#
#.....####.......#
......##.....##..#
##.....##.....##..#####
#.........#....


You could see a black bear.

Vanquished Creatures
  A scorpion (D:4)
  An orc priest (D:3)
  Terence (D:2)
  An orc wizard (D:2)
  3 gnolls
  6 adders
  An ufetubus (D:4)
  A dart slug (D:1)
  6 orcs (D:3)
  5 endoplasms
  3 giant cockroaches
  5 goblins
  4 hobgoblins
  2 jackals (D:4)
  9 kobolds
  7 quokkas
  6 ball pythons
  6 bats
  A frilled lizard (D:2)
  10 rats
79 creatures vanquished.

Notes
Turn   | Place    | Note
-------+----------+-------------------------------------------
     0 | D:1      | qw the Gargoyle Hunter began the quest for the Orb.
     0 | D:1      | Reached XP level 1. HP: 12/12 MP: 1/1
     0 | D:1      | 0 ||| qw: Version: 0.2-a-29-gc1b59c4
     0 | D:1      | 0 ||| qw: Game counter: 4677
     0 | D:1      | 0 ||| qw: Always use a shield: true
     0 | D:1      | 0 ||| qw: God list: Okawaru
     0 | D:1      | 0 ||| qw: Allow faded altars: false
     0 | D:1      | 0 ||| qw: Do Orc after D:15 true
     0 | D:1      | 0 ||| qw: Do second Lair branch before Depths: true
     0 | D:1      | 0 ||| qw: Lair rune preference: random
     0 | D:1      | 0 ||| qw: Plans: Normal, Zot:1-4, Slime:5, God:TSO, Crypt,
                  | Tomb, Abyss, Pan, Hells, Win
     0 | D:1      | 0 ||| PLANNING D:1-11
    57 | D:1      | Reached XP level 2. HP: 17/17 MP: 2/2
   286 | D:1      | 286 ||| FLEEEEING.
   311 | D:1      | Reached XP level 3. HP: 21/21 MP: 3/3
   576 | D:1      | 576 ||| UPGRADING to +0 ring mail.
   586 | D:1      | 586 ||| DROPPING +0 leather armour.
   587 | D:1      | 587 ||| READING scroll labelled KAINLU ZIESIHYCIR.
   588 | D:1      | 588 ||| READING scroll labelled MIS BOYVIOV.
   589 | D:1      | 589 ||| DROPPING scroll of butterflies.
   660 | D:2      | Found a runed translucent door.
   661 | D:2      | Noticed Crazy Yiuf
   808 | D:2      | Noticed Terence
   818 | D:2      | Killed Terence
   819 | D:2      | Reached XP level 4. HP: 16/26 MP: 4/4
   822 | D:2      | Reached skill level 5 in Ranged Weapons
  1454 | D:2      | 1454 ||| UPGRADING to +2 helmet.
  1459 | D:2      | 1459 ||| READING scroll labelled MYUSEG KUOBU.
  1460 | D:2      | 1460 ||| DRINKING 2 viscous cyan potions.
  1534 | D:3      | Found a faded altar of an unknown god.
  1535 | D:3      | 1535 ||| PLANNING SEWER
  1541 | D:3      | Reached skill level 3 in Fighting
  1548 | D:3      | Reached XP level 5. HP: 32/32 MP: 5/5
  1554 | D:3      | 1554 ||| STAIRDANCE
  1798 | D:3      | Found an ornate altar of the Wu Jian Council.
  2190 | D:3      | 2190 ||| RIP SEWER
  2192 | D:3      | 2192 ||| PLANNING D:1-11
  2341 | D:3      | 2341 ||| UPGRADING to +0 pair of gloves.
  2346 | D:3      | 2346 ||| READING scroll labelled MYQAIFF ELIAXTI.
  2347 | D:3      | 2347 ||| READING scroll labelled BUIKOCWIEC.
  2382 | D:4      | Found Viewneod's Distillery.
  2382 | D:4      | Found a bloodstained altar of Trog.
  2386 | D:4      | 2386 ||| STAIRDANCE
  2409 | D:4      | Reached skill level 6 in Ranged Weapons
  2422 | D:4      | 2422 ||| BUYING potion of attraction (36 gold).
  2422 | D:4      | Bought a potion of attraction for 36 gold pieces
  2422 | D:4      | 2422 ||| BUYING potion of attraction (36 gold).
  2422 | D:4      | Bought a potion of attraction for 36 gold pieces
  2422 | D:4      | 2422 ||| BUYING potion of attraction (36 gold).
  2422 | D:4      | Bought a potion of attraction for 36 gold pieces
  2422 | D:4      | 2422 ||| SHOPLISTING potion of heal wounds (60 gold, have
                  | 49).
  2465 | D:4      | Found Ateph's Antique Weapon Boutique.
  2506 | D:4      | Reached XP level 6. HP: 38/38 MP: 6/6
  2575 | D:4      | Found Ifyt's Book Boutique.
  2630 | D:4      | Noticed a black bear
  2646 | D:4      | HP: 4/38 [black bear (7)]
  2647 | D:4      | HP: 1/38 [black bear (4)]
  2648 | D:4      | Slain by a black bear

Levels and vault maps discovered:
D:1:      ncdulo_halloftheorcs, layout_basic, minmay_pentomino_z4
D:2:      layout_loops_ring, uniq_crazy_yiuf_cottage, uniq_terence
D:3:      layout_rooms, nicolae_wu_jian_wuxing_cycle,
          ebering_ecumenical_altar_rust, portal_sewer_entry_d,
          kennysheep_cluttered_room
D:4:      minmay_inner_zag, layout_basic, mainiacjoe_overflow_cross_hatched,
          serial_shops, shop, shop, shop

Skill      XL: |  1  2  3  4  5  6 |
---------------+-------------------+-----
Armour         | 2 |  2.2
Ranged Weapons | 5 6 |  6.3
Fighting       | 3 4 |  4.0
Dodging        | |  1.5
Stealth        | |  1.1

Action                     |  1- 3 |  4- 6 || total
---------------------------+-------+-------++-------
   Fire: Shortbow          |    96 |   209 ||   305
    Use: Scroll            |     2 |     3 ||     5
         Potion            |       |     1 ||     1
 Armour: Leather armour    |    13 |       ||    13
         Ring mail         |    11 |   102 ||   113
  Dodge: Dodged            |    31 |   121 ||   152

Table legend:
 A = Non-vault XP
 B = Vault XP
 C = Vault XP percentage of total XP
 D = Non-vault monster count
 E = Vault monster count
 F = Vault count percentage of total count
                 A         B        C        D         E       F
            +---------+---------+-------+---------+---------+-------
      Total |     383 |      56 |  12.8 |      74 |       5 |   6.3
            +---------+---------+-------+---------+---------+-------
        D:1 |      33 |       5 |  13.2 |      20 |       3 |  13.0
        D:2 |      75 |      38 |  33.6 |      19 |       1 |   5.0
        D:3 |     134 |      13 |   8.8 |      25 |       1 |   3.8
        D:4 |     141 |       0 |   0.0 |      10 |       0 |   0.0
            +---------+---------+-------+---------+---------+-------
